[Event "Titled Tuesday Blitz February 22 Late 2022"]
[White "Samarth, J Rao"]
[Black "Karttunen, Mika"]
[WhiteFideId "46652370"]
[BlackFideId "502081"]
[WhiteElo "1514"]
[BlackElo "2343"]
[Result "0-1"]
[Round "01"]
[TimeControl "180+1"]
[Date "2022.02.23"]
[WhiteClock "0:00:11"]
[BlackClock "0:00:16"]

1. c4 Nf6 2. Nc3 e5 3. Nf3 Nc6 4. e3 Bb4 5. Qc2 Bxc3 6. Qxc3 Qe7 7. b3 O-O 8. Bb2 Re8 9. Be2 d5 10. a3 d4 11. Qc2 d3 12. Qxd3 e4 13. Qc2 exf3 14. gxf3 Ne5 15. f4 Ng6 16. O-O-O Nxf4 17. Bf3 Ng6 18. Rdg1 Ne4 19. d3 Nc5 20. h4 Bf5 21. e4 Rad8 22. exf5 Nxd3+ 23. Kb1 Nxb2 24. Qxb2 Ne5 25. Be4 Qf6 26. Rg3 Kh8 27. Rhg1 Nd7 28. Qxf6 Nxf6 29. Bxb7 g6 30. fxg6 hxg6 31. Rf3 Kg7 32. Rc1 Rd2 33. Rc2 Rd1+ 34. Kb2 Rd6 35. c5 Rd4 36. Ba6 Rxh4 37. Bc4 Re7 38. Rd2 Rhe4 39. Kc3 R4e5 40. b4 Ne4+ 41. Kc2 Nxd2 42. Kxd2 Re4 43. Kd3 Rh4 44. Bd5 f5 45. Kc3 Rd7 46. Be6 Re7 47. Bd5 Kf6 48. Rd3 Rd7 49. b5 Ra4 50. Bc6 Rxd3+ 51. Kxd3 Rxa3+ 52. Kc4 Ra2 53. Kd5 Rd2+ 54. Kc4 Ke5 55. Kb4 Ra2 56. b6 axb6 57. cxb6 cxb6 58. Be8 g5 59. f3 Rf2 60. f4+ Rxf4+ 61. Kb5 g4 62. Ka6 g3 63. Kb7 g2 64. Bc6 g1=Q 65. Kb8 Qg7 66. Bb7 Rh4 67. Ka7 Rh8 68. Ka6 Rh7 69. Ka7 Qxb7# 0-1


[Site "https://www.chess.com"]

[Event "Titled Tuesday Blitz February 22 Late 2022"]
[White "Saraci, Nderim"]
[Black "Lewicki, Miroslaw"]
[WhiteFideId "6351921"]
[BlackFideId "1113380"]
[WhiteElo "2573"]
[BlackElo "2283"]
[Result "1-0"]
[Round "01"]
[TimeControl "180+1"]
[Date "2022.02.23"]
[WhiteClock "0:00:47"]
[BlackClock "0:00:01"]

1. d4 Nf6 2. Nf3 e6 3. c4 b6 4. Nc3 d5 5. Bg5 Be7 6. e3 h6 7. Bh4 Bb7 8. Rc1 O-O 9. cxd5 exd5 10. Bd3 Nbd7 11. O-O c5 12. dxc5 bxc5 13. Bf5 Nb6 14. Re1 Re8 15. b3 Bc8 16. Bxc8 Rxc8 17. Rc2 Qd7 18. Qb1 Qg4 19. Rd1 Red8 20. h3 Qh5 21. Bxf6 Bxf6 22. Ne2 Qg6 23. Nf4 Qe4 24. Rcd2 Qxb1 25. Rxb1 c4 26. Rbd1 cxb3 27. axb3 Rc3 28. Rd3 Rdc8 29. g4 g5 30. Nxd5 Nxd5 31. Rxd5 Rxb3 32. Rf5 Rb6 33. Rd7 a6 34. Nd2 Rd8 35. Rxf6 Rxd7 36. Rxb6 Rxd2 37. Rxh6 a5 38. Rf6 Rd5 39. Kg2 Kg7 40. Ra6 Rb5 41. Kg3 Rc5 42. h4 gxh4+ 43. Kxh4 Rc2 44. Kg3 Ra2 45. f4 a4 46. g5 a3 47. Kg4 Ra1 48. Kf5 Ra2 49. e4 Ra1 50. e5 a2 51. Ra7 Kg8 52. Ra5 Kg7 53. Ra6 Kg8 54. g6 fxg6+ 55. Rxg6+ Kf7 56. Ra6 Ke7 57. Ra7+ Kf8 58. e6 Kg8 59. Kf6 Rf1 60. Ra8+ Kh7 61. Rxa2 Rxf4+ 62. Ke5 Rf1 63. Rg2 Re1+ 64. Kd6 Rd1+ 65. Kc7 Rc1+ 66. Kd7 Rd1+ 67. Ke8 Ra1 68. e7 Rd1 69. Rg4 1-0


[Site "https://www.chess.com"]

[Event "Titled Tuesday Blitz February 22 Late 2022"]
[White "Sarana, Alexey"]
[Black "Kushko, Dmitriy"]
[WhiteFideId "24133795"]
[BlackFideId "14162261"]
[WhiteElo "2665"]
[BlackElo "2225"]
[Result "1-0"]
[Round "01"]
[TimeControl "180+1"]
[Date "2022.02.22"]
[WhiteClock "0:01:51"]
[BlackClock "0:00:03"]

1. d4 g6 2. e4 d6 3. Nc3 Nf6 4. f4 Bg7 5. Nf3 c5 6. dxc5 Qa5 7. Qe2 Qxc5 8. Be3 Qa5 9. Qb5+ Qxb5 10. Bxb5+ Nc6 11. O-O-O O-O 12. Rhe1 a6 13. Bxc6 bxc6 14. e5 Ng4 15. exd6 exd6 16. Rxd6 Bxc3 17. bxc3 Be6 18. Bc5 Rfd8 19. Rxc6 Rac8 20. Rxc8 Rxc8 21. Bd4 Bxa2 22. h3 Nh6 23. g4 f5 24. Re7 Nf7 25. gxf5 gxf5 26. Nh4 Nd6 27. Rg7+ Kf8 28. Rxh7 Bf7 29. Be5 Ne4 30. Nxf5 Rc4 31. Rh8+ Bg8 32. Nh6 1-0


[Site "https://www.chess.com"]

[Event "Titled Tuesday Blitz February 22 Late 2022"]
[White "Sargsyan, Anna M."]
[Black "Winkels, Marcel"]
[WhiteFideId "13308130"]
[BlackFideId "1003887"]
[WhiteElo "2271"]
[BlackElo "1900"]
[Result "1-0"]
[Round "01"]
[TimeControl "180+1"]
[Date "2022.02.23"]
[WhiteClock "0:00:34"]
[BlackClock "0:00:03"]

1. d4 Nf6 2. c4 c5 3. d5 e6 4. Nc3 exd5 5. cxd5 d6 6. e4 g6 7. f4 a6 8. Nf3 Bg7 9. a4 O-O 10. Bd3 Bg4 11. h3 Bxf3 12. Qxf3 Nbd7 13. O-O Re8 14. Kh1 Rb8 15. Bd2 Qc7 16. Rae1 c4 17. Bc2 Nc5 18. Be3 Re7 19. Bd4 Rbe8 20. e5 Nfd7 21. Rd1 Nb3 22. Bxb3 cxb3 23. Ne4 dxe5 24. d6 Qc6 25. fxe5 Nxe5 26. Bxe5 Rxe5 27. Qxf7+ Kh8 28. d7 Rd8 29. Nf6 Re2 30. Rd5 Qe6 31. Qe8+ Rxe8 32. dxe8=Q+ Qxe8 33. Nxe8 Rxe8 34. Rd3 Bxb2 35. Rxb3 Bd4 36. Rxb7 a5 37. Rff7 h5 38. g4 h4 39. Kg2 Re2+ 40. Kf3 Re3+ 41. Kf4 Rxh3 42. Rf8# 1-0


[Site "https://www.chess.com"]

[Event "Titled Tuesday Blitz February 22 Late 2022"]
[White "Sarkar, Justin"]
[Black "Iskusnyh, Sergei"]
[WhiteFideId "2010011"]
[BlackFideId "4120027"]
[WhiteElo "2038"]
[BlackElo "2492"]
[Result "1/2-1/2"]
[Round "01"]
[TimeControl "180+1"]
[Date "2022.02.23"]
[WhiteClock "0:00:06"]
[BlackClock "0:00:50"]

1. d4 d5 2. c4 c6 3. Nf3 Nf6 4. Nc3 e6 5. e3 a6 6. b3 Bb4 7. Bd2 Nbd7 8. Bd3 Bd6 9. O-O e5 10. cxd5 cxd5 11. e4 O-O 12. exd5 exd4 13. Nxd4 Nb6 14. Nf5 Bxf5 15. Bxf5 Nbxd5 16. Nxd5 Nxd5 17. Bg5 Qxg5 18. Qxd5 Qf6 19. Be4 Rae8 20. g3 Re7 21. Rad1 Bb4 22. Qf5 Qxf5 23. Bxf5 g6 24. Bd3 a5 25. a4 Rfe8 26. Bc4 b6 27. Rd5 Kg7 28. Rfd1 Re1+ 29. Rxe1 Rxe1+ 30. Kg2 Re7 31. Bb5 h5 32. Rd7 Re6 33. Bc4 Rf6 34. Rd3 Rc6 35. Rd7 Rf6 36. Rd3 Rc6 37. Rd7 Rf6 1/2-1/2


[Site "https://www.chess.com"]

[Event "Titled Tuesday Blitz February 22 Late 2022"]
[White "Saveliev, Alexei"]
[Black "Nikologorsky, Matfei"]
[WhiteFideId "24128546"]
[BlackFideId "24102474"]
[WhiteElo "2281"]
[BlackElo "2231"]
[Result "1-0"]
[Round "01"]
[TimeControl "180+1"]
[Date "2022.02.23"]
[WhiteClock "0:00:14"]
[BlackClock "0:00:09"]

1. c4 e5 2. Nc3 Nf6 3. Nf3 Nc6 4. e3 Be7 5. d4 exd4 6. Nxd4 O-O 7. Be2 Bb4 8. Qc2 Nxd4 9. exd4 d5 10. cxd5 Qxd5 11. O-O Qxd4 12. Nb5 Qh4 13. Qxc7 a6 14. Nc3 Be6 15. Qxb7 Bd6 16. g3 Qh3 17. Qg2 Qf5 18. Be3 Rab8 19. b3 Nd5 20. Ne4 Be5 21. Rad1 Nxe3 22. fxe3 Qg6 23. Nc5 Bc8 24. Bc4 Qh6 25. Rxf7 Qxe3+ 26. Qf2 Qxf2+ 27. Rxf2+ Be6 28. Bxe6+ Kh8 29. Nd7 Rxf2 30. Kxf2 Rd8 31. Rd5 Bc3 32. Kf3 g6 33. Nc5 Rf8+ 34. Ke2 Kg7 35. Kd3 Bb2 36. Ne4 Rf1 37. g4 h6 38. h4 Kf8 39. g5 hxg5 40. hxg5 Ke7 41. Bg4 Rf4 42. Be2 Rh4 43. Ra5 Rh3+ 44. Kc4 Re3 45. Bd3 Re1 46. Rxa6 Rc1+ 47. Kd5 Kf7 48. Ra7+ Kf8 49. Rb7 Rd1 50. Kc4 Rc1+ 51. Kb5 Rd1 52. Bc4 Re1 53. Nc5 Re5 54. b4 Rxg5 55. Kb6 Bd4 56. a4 Rg4 57. Bb5 Rf4 58. a5 g5 59. a6 Rf2 60. a7 Ra2 61. Ba6 Bxc5+ 62. bxc5 Rxa6+ 63. Kxa6 g4 64. a8=Q# 1-0


[Site "https://www.chess.com"]

[Event "Titled Tuesday Blitz February 22 Late 2022"]
[White "Sliwicki, Damian"]
[Black "Holt, Conrad"]
[WhiteFideId "1127128"]
[BlackFideId "2034387"]
[WhiteElo "2084"]
[BlackElo "2586"]
[Result "0-1"]
[Round "01"]
[TimeControl "180+1"]
[Date "2022.02.23"]
[WhiteClock "0:00:15"]
[BlackClock "0:00:06"]

1. e4 e6 2. d4 d5 3. Nc3 Nf6 4. Bg5 dxe4 5. Nxe4 Be7 6. Nxf6+ Bxf6 7. Bxf6 Qxf6 8. Nf3 c5 9. Bb5+ Bd7 10. Bxd7+ Nxd7 11. O-O O-O 12. c3 Rad8 13. dxc5 Nxc5 14. Qe2 Nd3 15. Rad1 Qg6 16. Ne5 Nxe5 17. Qxe5 Rxd1 18. Rxd1 Qc2 19. Rf1 Qxb2 20. Qc7 g6 21. h3 a6 22. Rd1 b5 23. Rd8 Qb1+ 24. Kh2 Qf5 25. Rxf8+ Kxf8 26. Qd6+ Kg7 27. Qxa6 Qxf2 28. Qxb5 Qf4+ 29. Kg1 Qc1+ 30. Kh2 Qxc3 31. a4 e5 32. a5 e4 33. a6 e3 34. a7 Qc7+ 35. Kg1 Qxa7 36. Qe5+ f6 37. Qe4 e2+ 38. Kh2 Qc7+ 39. g3 Qe5 40. Qb7+ Kh6 41. Qc8 Qe7 42. Qf8+ Qxf8 43. h4 e1=Q 44. Kh3 Qd6 45. Kg4 Qdxg3# 0-1


[Site "https://www.chess.com"]

[Event "Titled Tuesday Blitz February 22 Late 2022"]
[White "Sorokin, Aleksey"]
[Black "Novikov, Evgenij"]
[WhiteFideId "24176460"]
[BlackFideId "4125380"]
[WhiteElo "2476"]
[BlackElo "2242"]
[Result "1/2-1/2"]
[Round "01"]
[TimeControl "180+1"]
[Date "2022.02.22"]
[WhiteClock "0:00:18"]
[BlackClock "0:00:07"]

1. d4 d5 2. c4 e6 3. Nf3 Nf6 4. g3 Be7 5. Bg2 O-O 6. O-O c6 7. Nc3 b6 8. Qd3 Bb7 9. e4 Nbd7 10. e5 Ne8 11. cxd5 cxd5 12. h4 a5 13. Rd1 Ba6 14. Qd2 b5 15. b3 b4 16. Na4 Nb6 17. Nxb6 Qxb6 18. h5 h6 19. Qf4 Rc8 20. Qg4 Kh8 21. Be3 Rc2 22. Rdc1 Rxc1+ 23. Rxc1 Nc7 24. Nh4 Bd3 25. Qd1 Bh7 26. Bf1 Nb5 27. Bxb5 Qxb5 28. Ng2 Qb7 29. Ne1 Rc8 30. Rxc8+ Qxc8 31. Nd3 Qc3 32. Nc5 Qb2 33. Qd2 Qb1+ 34. Kg2 Bxc5 35. dxc5 d4 36. Qxd4 Be4+ 37. f3 Qxa2+ 38. Qd2 Qxd2+ 39. Bxd2 Bd5 40. Kf2 Bxb3 41. c6 Ba4 42. c7 Bd7 43. Ke3 b3 44. Bc1 Kg8 45. Ba3 f6 46. Kd4 Kf7 47. Kc5 fxe5 48. Kd6 Bc8 49. Kxe5 g6 50. hxg6+ Kxg6 51. Kd6 Kf5 52. Ke7 e5 53. Kd8 Bb7 54. c8=Q+ Bxc8 55. Kxc8 e4 56. fxe4+ Kxe4 57. Kb7 Kf3 58. Kb6 Kxg3 59. Kxa5 h5 60. Ka4 h4 61. Kxb3 h3 62. Bd6+ Kg2 63. Bc7 h2 64. Bxh2 1/2-1/2


[Site "https://www.chess.com"]

[Event "Titled Tuesday Blitz February 22 Late 2022"]
[White "Sviridov, Valery"]
[Black "Garagulya, Konstantin"]
[WhiteFideId "4120680"]
[BlackFideId "4128931"]
[WhiteElo "2454"]
[BlackElo "2329"]
[Result "1-0"]
[Round "01"]
[TimeControl "180+1"]
[Date "2022.02.22"]
[WhiteClock "0:01:31"]
[BlackClock "0:00:02"]

1. Nf3 Nf6 2. g3 b6 3. Bg2 Bb7 4. O-O c5 5. c4 e6 6. Nc3 d5 7. cxd5 Nxd5 8. d4 cxd4 9. Qa4+ Qd7 10. Qxd7+ Nxd7 11. Nxd4 N7f6 12. Ncb5 Kd7 13. e4 Nb4 14. a3 a6 15. Nc3 Nd3 16. Rd1 Nxc1 17. Raxc1 Ke8 18. e5 Bxg2 19. Kxg2 Nd7 20. f4 Bc5 21. Ne4 Bxd4 22. Rxd4 Nc5 23. Nxc5 bxc5 24. Rxc5 Rb8 25. b4 h5 26. Rc7 g6 27. Rdd7 Rh7 28. Ra7 Rc8 29. Rdc7 Rxc7 30. Rxc7 h4 31. Ra7 1-0


[Site "https://www.chess.com"]

[Event "Titled Tuesday Blitz February 22 Late 2022"]
[White "Szalay, Karoly"]
[Black "Bacrot, Etienne"]
[WhiteFideId "2600544"]
[BlackFideId "605506"]
[WhiteElo "2465"]
[BlackElo "2673"]
[Result "1-0"]
[Round "01"]
[TimeControl "180+1"]
[Date "2022.02.23"]
[WhiteClock "0:00:20"]
[BlackClock "0:00:11"]

1. e4 c5 2. Nf3 d6 3. d4 cxd4 4. Nxd4 Nf6 5. Nc3 Nc6 6. Bg5 e6 7. f3 a6 8. Qd2 Bd7 9. O-O-O Be7 10. h4 Rc8 11. g4 b5 12. Kb1 b4 13. Nce2 Ne5 14. Ng3 a5 15. Bxf6 gxf6 16. Nh5 Qb6 17. g5 fxg5 18. hxg5 a4 19. f4 Nc6 20. Nxc6 Bxc6 21. Bd3 a3 22. f5 exf5 23. exf5 Qd4 24. c3 bxc3 25. bxc3 Qb6+ 26. Ka1 Bxh1 27. Rxh1 Bxg5 28. Qg2 Qb2+ 29. Qxb2 axb2+ 30. Kxb2 Rb8+ 31. Kc2 Kd8 32. Bc4 Rb7 33. Bd5 Ra7 34. Ng3 Bf4 35. Ne4 h5 36. Rf1 Be5 37. Ng5 Ke7 38. f6+ Bxf6 39. Nxf7 Rc8 40. c4 Rxa2+ 41. Kd3 h4 42. Re1+ Kf8 43. Nh6 h3 44. Ng4 Bg5 45. Rf1+ Ke7 46. Rf7+ Ke8 47. Rg7 Bf4 48. Nf6+ Kf8 49. Rf7# 1-0


[Site "https://www.chess.com"]

[Event "Titled Tuesday Blitz February 22 Late 2022"]
[White "Sztokbant, Bernardo Vainzoff"]
[Black "Sevian, Samuel"]
[WhiteFideId "2115956"]
[BlackFideId "2040506"]
[WhiteElo "2264"]
[BlackElo "2698"]
[Result "0-1"]
[Round "01"]
[TimeControl "180+1"]
[Date "2022.02.22"]
[WhiteClock "0:02:37"]
[BlackClock "0:02:41"]

1. e4 e5 2. Nf3 Nc6 3. Bc4 Nf6 4. d3 Be7 5. c3 O-O 6. O-O Kh8 7. Bb3 Ng8 8. Re1 d6 9. d4 Qe8 10. h3 Bd7 11. Nbd2 f6 12. Nf1 g6 13. Ng3 Nd8 14. Be3 Ne6 15. Qd2 Rd8 16. Nh2 a6 17. Rad1 Ng7 18. Nf3 Ba4 19. Qc2 Bc6 20. Qd2 f5 21. dxe5 f4 22. Bxf4 dxe5 23. Nxe5 Rxd2 24. Rxd2 Rxf4 0-1


[Site "https://www.chess.com"]

[Event "Titled Tuesday Blitz February 22 Late 2022"]
[White "Terry, Renato"]
[Black "Ozates, Tuna"]
[WhiteFideId "3803457"]
[BlackFideId "6354521"]
[WhiteElo "2577"]
[BlackElo "1872"]
[Result "1-0"]
[Round "01"]
[TimeControl "180+1"]
[Date "2022.02.23"]
[WhiteClock "0:00:39"]
[BlackClock "0:00:05"]

1. e4 c5 2. Nf3 Nc6 3. Bb5 g6 4. Bxc6 bxc6 5. d4 Bg7 6. dxc5 Ba6 7. c3 Nf6 8. Be3 Rb8 9. Qc2 O-O 10. Nbd2 Ng4 11. Bf4 e5 12. Bg5 f6 13. Bh4 Qa5 14. h3 Nh6 15. b4 Qb5 16. O-O-O f5 17. Rhe1 fxe4 18. Nxe4 Nf5 19. Bg5 h6 20. Be3 Qc4 21. Qb3 Rf7 22. Qxc4 Bxc4 23. a3 Bd5 24. Nfd2 Nxe3 25. Rxe3 h5 26. Kc2 Bh6 27. Re2 Rbf8 28. f3 g5 29. Nd6 Re7 30. c4 Bf7 31. Nxf7 Rfxf7 32. Ne4 g4 33. hxg4 hxg4 34. fxg4 Rf4 35. g5 Bg7 36. b5 Rf8 37. b6 Rb8 38. Rb1 axb6 39. cxb6 d5 40. Nc5 e4 41. b7 Bd4 42. Nb3 Bg7 43. Na5 d4 44. Kd2 e3+ 45. Kd3 c5 46. Reb2 Rc7 47. Rb6 Bf8 48. Rg6+ Kf7 49. Rf6+ Kg7 50. Rc6 Re7 51. Rc8 1-0


[Site "https://www.chess.com"]

[Event "Titled Tuesday Blitz February 22 Late 2022"]
[White "Timofeev, Artyom"]
[Black "Papp, Petra"]
[WhiteFideId "4140419"]
[BlackFideId "739049"]
[WhiteElo "2583"]
[BlackElo "2259"]
[Result "1-0"]
[Round "01"]
[TimeControl "180+1"]
[Date "2022.02.23"]
[WhiteClock "0:01:19"]
[BlackClock "0:00:02"]

1. d4 Nf6 2. c4 c5 3. Nf3 cxd4 4. Nxd4 e5 5. Nf3 Nc6 6. Nc3 h6 7. g3 Bc5 8. Bg2 O-O 9. O-O d6 10. Nd2 Bf5 11. b3 Qd7 12. Bb2 Bh3 13. Nde4 Nxe4 14. Nxe4 Bd4 15. Bxd4 Bxg2 16. Kxg2 Nxd4 17. Nc3 Qg4 18. e3 Qxd1 19. Rfxd1 Nf5 20. Ne4 h5 21. Nxd6 Nxd6 22. Rxd6 Rab8 23. a4 f6 24. Rad1 Kf7 25. Rd7+ Kg6 26. Rc7 Rf7 27. Rdd7 Rxd7 28. Rxd7 a6 29. b4 Kf5 30. Rxg7 Ke4 31. Rd7 f5 32. c5 a5 33. b5 Rc8 34. Rxb7 Rxc5 35. Ra7 f4 36. exf4 exf4 37. Re7+ Kd3 38. b6 Rc4 39. b7 Rb4 40. gxf4 Kd4 41. f5 Kd5 42. f6 Kd6 43. h3 h4 44. Kf3 Rb3+ 45. Kg4 Rb4+ 46. f4 Rb1 47. Kxh4 Rb6 48. Kg5 Rb1 49. h4 1-0


[Site "https://www.chess.com"]

[Event "Titled Tuesday Blitz February 22 Late 2022"]
[White "Tregubov, Pavel V."]
[Black "Schut, Han"]
[WhiteFideId "4115341"]
[BlackFideId "1005561"]
[WhiteElo "2341"]
[BlackElo "2057"]
[Result "1-0"]
[Round "01"]
[TimeControl "180+1"]
[Date "2022.02.23"]
[WhiteClock "0:01:40"]
[BlackClock "0:01:06"]

1. e4 c5 2. Nf3 d6 3. Bb5+ Bd7 4. Bxd7+ Qxd7 5. O-O Nc6 6. c3 g6 7. d4 cxd4 8. cxd4 Bg7 9. Nc3 Nf6 10. h3 O-O 11. e5 Ne8 12. Bf4 Rd8 13. Re1 dxe5 14. dxe5 Qf5 15. Qc1 Nxe5 16. Bxe5 Bxe5 17. Rxe5 1-0


[Site "https://www.chess.com"]

[Event "Titled Tuesday Blitz February 22 Late 2022"]
[White "Urbina Perez, Juan Antonio"]
[Black "Indjic, Aleksandar"]
[WhiteFideId "2217368"]
[BlackFideId "911925"]
[WhiteElo "2192"]
[BlackElo "2616"]
[Result "1/2-1/2"]
[Round "01"]
[TimeControl "180+1"]
[Date "2022.02.22"]
[WhiteClock "0:01:03"]
[BlackClock "0:00:24"]

1. Nf3 d5 2. d4 Nf6 3. g3 Bf5 4. Bg2 h6 5. O-O c6 6. c3 e6 7. Ne5 Nbd7 8. Nxd7 Qxd7 9. Re1 h5 10. h4 Bd6 11. Nd2 Ne4 12. Nxe4 Bxe4 13. Be3 Bxg2 14. Kxg2 f5 15. Qd2 Kf7 16. Bf4 Qc7 17. Bxd6 Qxd6 18. f3 Rh6 19. e4 Rg6 20. e5 Qe7 21. Qf4 Rh6 22. b4 Rg8 23. Qg5 Qxg5 24. hxg5 Rhh8 25. Rh1 Kg6 26. f4 Kf7 27. a4 Ke7 28. Kh3 g6 29. Kg2 Kd7 30. Kf3 Kc7 31. Ke3 b6 32. Kd3 c5 33. bxc5 bxc5 34. Rab1 c4+ 35. Kc2 Rb8 36. Rb4 Rb6 37. a5 Rxb4 38. cxb4 Kc6 39. Kc3 Kb5 40. Rh2 Rh7 41. Rh1 Ka4 42. Ra1+ Kb5 43. Rh1 Rb7 44. Rh2 Rb8 45. Rh1 Rh8 46. Rh2 Rh7 47. Rh1 1/2-1/2


[Site "https://www.chess.com"]

[Event "Titled Tuesday Blitz February 22 Late 2022"]
[White "Van Foreest, Jorden"]
[Black "Suder, Jakub"]
[WhiteFideId "1039784"]
[BlackFideId "1195310"]
[WhiteElo "2609"]
[BlackElo "2058"]
[Result "1-0"]
[Round "01"]
[TimeControl "180+1"]
[Date "2022.02.22"]
[WhiteClock "0:01:25"]
[BlackClock "0:00:02"]

1. Nf3 e6 2. c4 d5 3. e3 Nf6 4. b3 b6 5. Bb2 Bb7 6. Nc3 Be7 7. d4 Nbd7 8. Bd3 O-O 9. O-O Ne4 10. cxd5 exd5 11. Rc1 a6 12. Ne2 Re8 13. Ng3 Bf8 14. Qc2 Rc8 15. Qe2 a5 16. Rfd1 g6 17. Bb5 c6 18. Bd3 Bd6 19. Bxe4 dxe4 20. Ne5 Nf6 21. Qc2 Qe7 22. Qe2 c5 23. Nc4 Bxg3 24. hxg3 Ba6 25. d5 Bxc4 26. bxc4 Red8 27. Ba1 Rd6 28. Rb1 Nd7 29. Rb5 f6 30. Rdb1 Kf7 31. Bc3 h5 32. Qc2 h4 33. gxh4 Rh8 34. g3 g5 35. hxg5 Qf8 36. Kf1 Rh1+ 37. Ke2 Qh8 38. Qxe4 Rxb1 39. Rxb1 Qh5+ 40. g4 Qh4 41. Qf5 Qxg5 42. Rh1 Qxf5 43. gxf5 Kg7 44. a4 Kf7 45. f4 Kg7 46. e4 1-0


[Site "https://www.chess.com"]

[Event "Titled Tuesday Blitz February 22 Late 2022"]
[White "Vargas Pereda, Jesus Manue"]
[Black "Loay, Sameer"]
[WhiteFideId "5115710"]
[BlackFideId "8104239"]
[WhiteElo "1747"]
[BlackElo "2040"]
[Result "0-1"]
[Round "01"]
[TimeControl "180+1"]
[Date "2022.02.23"]
[WhiteClock "0:01:17"]
[BlackClock "0:01:55"]

1. d4 Nf6 2. Bf4 g6 3. Nc3 Bg7 4. e4 d6 5. Qd2 c5 6. dxc5 dxc5 7. Qxd8+ Kxd8 8. O-O-O+ Nfd7 9. Bc4 e6 10. Nb5 Na6 11. Nd6 Ke7 12. Bxa6 bxa6 13. Nf3 h6 14. h4 a5 15. Rhe1 Ba6 16. e5 Nb6 17. Ne4 Nd5 18. Bg3 Rhc8 19. Nfd2 c4 20. c3 a4 21. a3 Rab8 22. Nf1 Rb6 23. Ne3 Rcb8 24. Nxd5+ exd5 25. Rd2 dxe4 26. Rxe4 Rd8 27. f4 Rxd2 28. Kxd2 Rxb2+ 29. Kc1 Rxg2 0-1


[Site "https://www.chess.com"]

[Event "Titled Tuesday Blitz February 22 Late 2022"]
[White "Villegas, Pierre"]
[Black "Tang, Andrew"]
[WhiteFideId "654183"]
[BlackFideId "2059630"]
[WhiteElo "2410"]
[BlackElo "2584"]
[Result "0-1"]
[Round "01"]
[TimeControl "180+1"]
[Date "2022.02.22"]
[WhiteClock "0:00:04"]
[BlackClock "0:00:07"]

1. d4 d5 2. c4 e6 3. Nc3 Be7 4. cxd5 exd5 5. Bf4 c6 6. e3 Bf5 7. h3 Qb6 8. Qd2 Nf6 9. f3 Nh5 10. g4 Nxf4 11. exf4 Bh4+ 12. Kd1 Bc8 13. Rc1 O-O 14. Kc2 Na6 15. Kb1 Re8 16. Bd3 Qd8 17. Rh2 Qd6 18. Re2 Bd7 19. Na4 Nb4 20. Nc5 Nxd3 21. Qxd3 b6 22. Nxd7 Qxd7 23. Rcc2 Bg3 24. f5 h6 25. Rxe8+ Rxe8 26. Re2 Bd6 27. Rxe8+ Qxe8 28. Qe2 Qd7 29. Qe3 c5 30. Ne2 Qb5 31. f6 gxf6 32. a3 Kg7 33. Nf4 Bxf4 34. Qxf4 Qd3+ 35. Ka2 Qxd4 36. Qxd4 cxd4 37. Kb3 f5 38. f4 fxg4 39. hxg4 f5 0-1


[Site "https://www.chess.com"]

[Event "Titled Tuesday Blitz February 22 Late 2022"]
[White "Virtanen, Teemu"]
[Black "Martirosyan, Haik M."]
[WhiteFideId "509850"]
[BlackFideId "13306553"]
[WhiteElo "1926"]
[BlackElo "2735"]
[Result "0-1"]
[Round "01"]
[TimeControl "180+1"]
[Date "2022.02.22"]
[WhiteClock "0:00:03"]
[BlackClock "0:00:28"]

1. c4 e5 2. g3 Nf6 3. Bg2 d5 4. cxd5 Nxd5 5. Nc3 Nb6 6. Nf3 Nc6 7. d3 Be7 8. a3 Be6 9. b4 a5 10. b5 Nd4 11. Rb1 f6 12. O-O O-O 13. Nd2 Qc8 14. e3 Nf5 15. Qc2 a4 16. Bb2 Rd8 17. Rfc1 Nd6 18. Ne2 Nxb5 19. Ra1 c6 20. d4 exd4 21. Nxd4 Nxd4 22. Bxd4 Nd5 23. Ne4 Bf5 24. Qb2 Ra5 25. Nc5 Rb5 26. Qe2 Bxc5 27. Bxc5 Be6 28. Qc2 Rb3 29. Be4 h6 30. Bd4 b6 31. Qxc6 Qxc6 32. Rxc6 Kf7 33. h4 b5 34. Ra6 Ne7 35. h5 Bf5 36. Bg2 Rd7 37. Bc5 Bg4 38. Bb4 Bxh5 39. Bf1 Rb7 40. Bg2 Rc7 41. Bf1 Nd5 42. Bxb5 Nxb4 43. axb4 Rxb4 44. Bxa4 Bf3 45. Bd1 Bb7 46. Ra7 Re7 47. Bh5+ g6 48. Be2 h5 49. R7a4 Rb2 50. R4a2 Rb6 51. Bc4+ Kg7 52. Bf1 g5 53. Bg2 Bc8 54. Ra7 Re6 55. Bh3 g4 56. Bg2 Re5 57. Bf1 f5 58. Rxe7+ Rxe7 59. Ra5 Kf6 60. Bg2 Kg5 61. Rc5 Bd7 62. Bf1 Be8 63. Bd3 Bg6 64. Kf1 Kf6 65. Ke2 Ra7 66. Rc6+ Kg5 67. Rc5 Ra2+ 68. Rc2 Ra3 69. Rc5 Ra4 70. Rc2 h4 71. gxh4+ Kxh4 72. Rc6 Kg5 73. Rc5 Ra2+ 74. Rc2 Ra3 75. Rc5 Ra4 76. Rc2 Ra5 77. Rb2 Be8 78. Rc2 Bh5 79. Kd2 Ra1 80. Be2 Rh1 81. Rc5 Rh2 82. e4 g3 83. Rxf5+ Kh6 84. Rxh5+ Rxh5 85. fxg3 Rh3 86. Ke3 Kg5 87. Kf3 Rh6 88. Bd3 Rb6 89. Be2 Rb3+ 90. Kf2 Rc3 91. Bf3 Rc2+ 92. Be2 Kf6 93. Ke3 Ke5 94. Bf3 Rc3+ 95. Kf2 Rd3 96. Be2 Ra3 97. Bf3 Rc3 98. Be2 Kxe4 99. Ke1 Ke3 100. Kd1 Rc6 101. Bb5 Rc5 102. Ba6 Rg5 103. Kc2 Rxg3 104. Kb2 Rg2+ 105. Ka1 Kd2 106. Bc4 Rg4 107. Ba2 Kc1 108. Bb1 Rb4 109. Ba2 Rb6 110. Bc4 Kc2 111. Ba2 Rd6 112. Bb1+ Kb3 113. Ba2+ Ka3 114. Bb1 Rd2 115. Bf5 Ra2+ 116. Kb1 Rf2 117. Be4 Kb3 118. Ka1 Re2 119. Bb1 Kc3 120. Ba2 Re1+ 121. Bb1 Kb4 122. Kb2 Re2+ 123. Bc2 Rf2 124. Kc1 Kc3 125. Bd1 Rb2 126. Bg4 Rg2 127. Bd1 Rg1 0-1


[Site "https://www.chess.com"]

[Event "Titled Tuesday Blitz February 22 Late 2022"]
[White "Wachinger, Guenther"]
[Black "Jobava, Baadur"]
[WhiteFideId "4604261"]
[BlackFideId "13601520"]
[WhiteElo "2212"]
[BlackElo "2617"]
[Result "1/2-1/2"]
[Round "01"]
[TimeControl "180+1"]
[Date "2022.02.22"]
[WhiteClock "0:00:11"]
[BlackClock "0:00:20"]

1. e4 d6 2. d4 Nf6 3. Nc3 e5 4. Nf3 Nbd7 5. Bc4 Be7 6. a4 O-O 7. O-O a5 8. Ba2 h6 9. h3 Re8 10. Re1 c6 11. Be3 Bf8 12. Qd2 Qc7 13. dxe5 dxe5 14. Nh4 Nc5 15. f3 Be6 16. Qf2 Bxa2 17. Bxc5 Be6 18. Bxf8 Rxf8 19. Rad1 g6 20. Qe3 Kg7 21. g4 Rad8 22. Ng2 Nd7 23. h4 Qb6 24. b3 Qxe3+ 25. Nxe3 Nc5 26. Kf2 Kf6 27. Ke2 Rd4 28. Kf2 Rfd8 29. Ne2 Rxd1 30. Rxd1 Rxd1 31. Nxd1 b5 32. Nec3 bxa4 33. Nxa4 Nxa4 34. bxa4 Ke7 35. Ke3 Kd6 36. Nb2 f6 37. Kd3 Kc5 38. Kc3 g5 39. hxg5 hxg5 40. Nd3+ Kb6 41. Nb2 Bc8 42. Nc4+ Ka6 43. Nd6 Bd7 44. Nc4 c5 45. Kb3 Be6 46. Kc3 Bc8 47. Nd6 Bd7 48. Nc4 Bxa4 49. Nd6 Bb5 50. Kb3 Be2 51. Ne8 Bxf3 52. Nxf6 Kb5 53. c4+ Kc6 54. Ka4 Kb6 55. Nd5+ Ka6 56. Nc7+ Kb7 57. Ne6 Kb6 58. Nxg5 Bxg4 59. Nf7 Bd7+ 60. Ka3 Bc6 61. Nxe5 Bxe4 62. Nd7+ Kc6 63. Nxc5 Kxc5 64. Ka2 Bc6 65. Ka1 Kxc4 66. Ka2 a4 67. Ka1 a3 68. Ka2 Kc5 69. Ka1 a2 70. Kxa2 1/2-1/2


[Site "https://www.chess.com"]

[Event "Titled Tuesday Blitz February 22 Late 2022"]
[White "Wieczorek, Oskar"]
[Black "Rangel, Daniel"]
[WhiteFideId "1133950"]
[BlackFideId "2124475"]
[WhiteElo "2319"]
[BlackElo "2187"]
[Result "1-0"]
[Round "01"]
[TimeControl "180+1"]
[Date "2022.02.23"]
[WhiteClock "0:00:43"]
[BlackClock "0:00:05"]

1. e4 c6 2. d4 d5 3. Nd2 dxe4 4. Nxe4 Nf6 5. Nxf6+ exf6 6. Be2 Bd6 7. Bf3 O-O 8. Ne2 Re8 9. O-O Nd7 10. c4 Nf8 11. Be3 Ng6 12. c5 Bc7 13. d5 cxd5 14. Bxd5 Bg4 15. Re1 Qb8 16. h3 Bxe2 17. Rxe2 Be5 18. Qb3 b6 19. Bxf7+ Kh8 20. Bxe8 Qxe8 21. cxb6 axb6 22. Qxb6 Rb8 23. Qc5 Bxb2 24. Rb1 Be5 25. Rxb8 Bxb8 26. Bf4 Qd8 27. Rd2 Qe8 28. Bxb8 Qxb8 29. Qd6 Qb1+ 30. Kh2 h6 31. a4 Ne5 32. a5 Qa1 33. a6 Qa4 34. Rd4 Qa2 35. Rf4 Ng6 36. Qd8+ Kh7 37. Qd3 h5 38. Rf5 Kh8 39. Rxh5+ Kg8 40. Qd5+ 1-0


[Site "https://www.chess.com"]